 Dungeon Crawl Stone Soup version 0.31-a0-965-g8a8ce12e04 (webtiles) character file.

Game seed: 10765445066337452184

319 IdlyInterested the Trooper (level 6, -1/51 HPs)
             Began as a Demonspawn Fighter on Oct 26, 2023.
             Slain by a gnoll sergeant
             ... wielding a +0 trident
              (10 damage)
             ... on level 4 of the Dungeon.
             The game lasted 00:11:04 (3904 turns).

IdlyInterested the Trooper (Demonspawn Fighter)     Turns: 3904, Time: 00:11:04

Health: -1/51      AC:  6    Str: 22    XL:     6   Next: 21%
Magic:  6/6        EV: 10    Int:  8    God:
Gold:   221        SH:  5    Dex: 12    Spells: 5/5 levels left

rFire   . .          .
                       - Unarmed
rCold   . . .        b - +0 buckler
rNeg    . . .        a - +0 scale mail
rPois   .            (helmet restricted)
rElec   .            (no cloak)
rCorr   .            (no gloves)
SInv    .            (no boots)
Will    .....        (no amulet) Stlth
                     (no ring)
HPRegen 0.28/turn    (no ring)
MPRegen 0.10/turn

%: no passive effects
@: brilliant, hasted, very quick
A: hooves 2, powered by pain 1, horns 1, strong 1
a: no special abilities


You were on level 4 of the Dungeon.
You visited 1 branch of the dungeon, and saw 4 of its levels.

You collected 221 gold pieces.

Inventory:

Hand Weapons
 g - a +0 dagger
 h - a +0 whip
 o - a +0 short sword
 u - a +0 flail
 v - a +0 war axe
Missiles
 f - 14 stones (quivered)
 x - 3 poisoned darts
Armour
 a - a +0 scale mail (worn)
 b - a +0 buckler (worn)
 j - a +0 ring mail
Magical Staves
 s - a staff of earth
Jewellery
 n - an amulet of magic regeneration
 y - a +6 ring of strength
Scrolls
 d - a scroll of blinking
 e - a scroll of enchant weapon {unknown}
 i - a scroll of noise {unknown}
 k - a scroll of silence {unknown}
 l - a scroll of teleportation {unknown}
 p - a scroll of identify {unknown}
 t - a scroll of immolation {unknown}
Potions
 w - a potion of enlightenment {unknown}


   Skills:
 - Level 5.0 Fighting
 - Level 1.0 Throwing
 - Level 3.0 Armour
 + Level 1.9 Dodging
 - Level 1.0 Stealth
 * Level 4.0 Shields
 - Level 1.7 Unarmed Combat
 - Level 1.0 Evocations


You had 5 spell levels left.
You didn't know any spells.
Your spell library contained the following spells:

 Spells                   Type           Power      Damage    Failure   Level
 Alistair's Intoxication  Tmut/Pois      0%         N/A       100%        5
 Borgnjor's Vile Clutch   Necr/Erth      0%         N/A       100%        5
 Eringya's Noxious Bog    Tmut/Pois      0%         4d6       100%        6


Dungeon Overview and Level Annotations

Branches:
Dungeon (4/15)
 Temple: D:4-7

Altars:

Shops:
D:1 (::[


Innate Abilities, Weirdness & Mutations

You have hoof-like feet.
You sometimes gain a little power by taking damage.
You have a pair of small horns on your head.
Your muscles are strong. (Str +4, Int/Dex -1)


Message History

Okay, then.
It was a potion of mutation.
You feel extremely strange.
You feel stronger. A pair of horns grows on your head!
The gnoll sergeant zaps a wand.
Your mind is blasted!
You barely miss the gnoll sergeant. Your kick misses the gnoll sergeant.
Your headbutt misses the gnoll sergeant.
You closely miss the gnoll sergeant.
You kick the gnoll sergeant, but do no damage.
You block the gnoll sergeant's attack.
You hit the gnoll sergeant but do no damage.
You kick the gnoll sergeant, but do no damage.
You headbutt the gnoll sergeant.
The gnoll sergeant is lightly wounded.
You hit the gnoll sergeant but do no damage.
You headbutt the gnoll sergeant, but do no damage.
The gnoll sergeant is lightly wounded.
The gnoll sergeant misses you.
You hit the gnoll sergeant.
You kick the gnoll sergeant, but do no damage.
You headbutt the gnoll sergeant, but do no damage.
The gnoll sergeant is lightly wounded.
The gnoll sergeant zaps a wand.
You barely resist.
You hit the gnoll sergeant but do no damage.
Your kick misses the gnoll sergeant.
The gnoll sergeant is lightly wounded.
You closely miss the gnoll sergeant.
Your headbutt misses the gnoll sergeant.
The gnoll sergeant is lightly wounded.
The gnoll sergeant hits you with a +0 trident!
* * * LOW HITPOINT WARNING * * *
You completely miss the gnoll sergeant.
The gnoll sergeant is lightly wounded.
You block the gnoll sergeant's attack.
You completely miss the gnoll sergeant. You kick the gnoll sergeant!
You headbutt the gnoll sergeant.
The gnoll sergeant is heavily wounded.
It was a potion of brilliance.
You feel clever all of a sudden.
The gnoll sergeant hits you with a +0 trident!
You die...

... ... #g#
#g# #g# #g#
#. #g# #.##
..# #@# #..#
#.# #.# #..#
#.# #..#
#.## #..#
#..# #..#
##.# #..#
##>#
#########..#
#..#
#...........
#.##
#.#######..#


You could see a gnoll sergeant and 4 gnolls.

Vanquished Creatures
  An ogre (D:4)
  A hound (D:4)
  Natasha (thrice) (D:2)
  An orc wizard (D:3)
  A gnoll (D:4)
  3 adders
  2 worms (D:3)
  3 orcs (D:3)
  5 bats
  7 endoplasms
  5 giant cockroaches
  6 hobgoblins
  2 jackals (D:1)
  5 kobolds
  2 ball pythons
  A frilled lizard (D:2)
  11 goblins
  3 rats
62 creatures vanquished.

Notes
Turn   | Place    | Note
-------+----------+-------------------------------------------
     0 | D:1      | IdlyInterested the Demonspawn Fighter began the quest for
                  | the Orb.
     0 | D:1      | Reached XP level 1. HP: 18/18 MP: 1/1
   112 | D:1      | Found Ezuob's Book Shop.
   162 | D:1      | Gained mutation: You have large cloven feet. [demonic
                  | ancestry]
   162 | D:1      | Reached XP level 2. HP: 14/24 MP: 2/2
   332 | D:1      | Found Vanwonnu's Weapon Shop.
   355 | D:1      | Found Lucs's Book Shop.
   633 | D:1      | Found Kahunk's Armour Boutique.
  1037 | D:2      | Noticed Natasha
  1045 | D:2      | Killed Natasha
  1046 | D:2      | Reached skill level 4 in Fighting
  1046 | D:2      | Reached skill level 1 in Throwing
  1046 | D:2      | Reached XP level 3. HP: 19/30 MP: 3/3
  1461 | D:2      | Gained mutation: You have hoof-like feet. [demonic
                  | ancestry]
  1461 | D:2      | Reached XP level 4. HP: 24/37 MP: 4/4
  1585 | D:2      | Noticed Natasha
  1596 | D:2      | Killed Natasha
  1597 | D:2      | Reached skill level 1 in Dodging
  2557 | D:2      | Noticed Natasha
  2564 | D:2      | Killed Natasha
  2828 | D:3      | Reached XP level 5. HP: 39/42 MP: 5/5
  2935 | D:3      | Reached skill level 1 in Stealth
  3771 | D:4      | Reached skill level 1 in Evocations
  3785 | D:4      | Noticed an ogre
  3796 | D:4      | Killed an ogre
  3797 | D:4      | Gained mutation: You sometimes gain a little power by
                  | taking damage. [demonic ancestry]
  3797 | D:4      | Reached XP level 6. HP: 50/50 MP: 6/6
  3834 | D:4      | Reached skill level 5 in Fighting
  3894 | D:4      | Gained mutation: Your muscles are strong. (Str +4, Int/Dex
                  | -1) [potion of mutation]
  3894 | D:4      | Gained mutation: You have a pair of small horns on your
                  | head. [potion of mutation]
  3904 | D:4      | Slain by a gnoll sergeant

Illustrated notes

Levels and vault maps discovered:
D:1:      nzn_arrival_depleted_hourglass, layout_loops_ring, serial_shops,
          nicolae_book_shop_shelving, nicolae_book_shop_shelving, shop,
          nicolae_lakefront_shop, minivault_19
D:2:      layout_basic, chequers_arboretum, uniq_natasha
D:3:      layout_basic
D:4:      layout_loops_ring, minmay_temple_entry_statues_fountains

Skill      XL: |  1  2  3  4  5  6 |
---------------+-------------------+-----
Armour         | 3 |  3.0
Fighting       | 4 5 |  5.0
Throwing       | 1 |  1.0
Shields        | 3 4 |  4.0
Dodging        | 1 |  1.9
Stealth        | 1 |  1.0
Evocations     | 1 |  1.0
Unarmed Combat | |  1.7

Action                     |  1- 3 |  4- 6 || total
---------------------------+-------+-------++-------
  Melee: Unarmed           |   104 |   126 ||   230
         Kick              |    25 |    40 ||    65
         Headbutt          |       |     4 ||     4
  Throw: Stone             |     2 |     6 ||     8
         Dart              |       |     3 ||     3
    Use: Scroll            |     1 |       ||     1
         Potion            |       |     5 ||     5
 Armour: Scale mail        |    61 |    62 ||   123
  Dodge: Dodged            |    30 |    32 ||    62
  Block: Buckler           |    16 |    21 ||    37

Table legend: (Time is in decaauts)
 A = Elapsed time spent in this place.
 B = Non-inter-level travel time spent in this place.
 C = Inter-level travel time spent in this place.
 D = Time resting spent in this place.
 E = Time spent auto-exploring this place.
 F = Levels seen in this place.
 G = Mean time per level.
                   A        B        C        D        E       F      G
               +--------+--------+--------+--------+--------+-----+--------+
         Total |   3891 |   3066 |    825 |    606 |   1773 |   4 |  972.8 |
       Dungeon |   3891 |   3066 |    825 |    606 |   1773 |   4 |  972.8 |
               +--------+--------+--------+--------+--------+-----+--------+

Top non-repeatable levels by time:
     D:2: 1780 daAuts
     D:1: 1019 daAuts
     D:3: 947 daAuts
     D:4: 143 daAuts
